 Dungeon Crawl Stone Soup version 0.27.1 (webtiles) character file.

Game seed: 4472050176809656706

80 MajorAdolf the Skirmisher (level 4, -1/66 HPs)
             Began as a Naga Wanderer on Aug 23, 2021.
             Slain by a gnoll (8 damage)
             ... on level 2 of the Dungeon.
             The game lasted 00:03:10 (2112 turns).

MajorAdolf the Skirmisher (Naga Wanderer)           Turns: 2112, Time: 00:03:10

Health: -1/66      AC:  3    Str: 16    XL:     4   Next: 39%
Magic:  4/4        EV:  9    Int: 14    God:
Gold:   158        SH:  0    Dex: 14    Spells: 3/3 levels left

rFire    . . .     SeeInvis +   a - +2 dagger
rCold    . . .     Faith    .   (no shield)
rNeg     . . .     Spirit   .   f - +0 robe
rPois    +         Reflect  .   (no helmet)
rElec    .         Harm     .   (no cloak)
rCorr    .         Rampage  .   o - +0 pair of gloves
Will     .....                  (no barding)
Stlth    ..........             (no amulet)
HPRegen  0.21/turn              l - +6 ring of dexterity
MPRegen  0.09/turn              (no ring)

@: berserking, quick
A: AC +1, large, see invisible, deformed body, poison resistance, slowness 2,
spit poison 1, naga tail 1
a: Spit Poison


You were on level 2 of the Dungeon.
You visited 1 branch of the dungeon, and saw 2 of its levels.

You collected 158 gold pieces.

Inventory:

Hand Weapons
 a - a +2 dagger (weapon)
 c - a +0 shortbow
 g - a +0 dagger
Missiles
 d - 51 arrows
 h - 47 stones
Armour
 f - a +0 robe (worn)
 o - a +0 pair of gloves (worn)
Jewellery
 l - a +6 ring of dexterity (left hand)
Wands
 m - a wand of paralysis (10)
Scrolls
 i - a scroll of fear {unknown}
 j - 2 scrolls of noise {unknown}
 n - a scroll of fog {unknown}
 q - a scroll of identify {unknown}
Potions
 e - a potion of curing
 k - a potion of lignification {unknown}
 p - a potion of brilliance {unknown}


   Skills:
 - Level 4.1 Fighting
 - Level 1.0 Maces & Flails
 - Level 1.7 Bows
 - Level 1.5 Armour
 - Level 1.5 Stealth
 - Level 1.0 Shields
 + Level 2.6 Evocations


You had 3 spell levels left.
You didn't know any spells.
Your spell library was empty.

Dungeon Overview and Level Annotations

Branches:
Dungeon (2/15)

Altars:


Innate Abilities, Weirdness & Mutations

Your serpentine skin is tough. (AC +1)
You have supernaturally acute eyesight. (SInv)
Armour fits poorly on your strangely shaped body.
Your system is resistant to poisons. (rPois)
You cover ground very slowly.
You can spit poison.
You have a snake-like lower body.


Message History

Aim: a gnoll, wielding a +0 spear (lightly wounded, 64% to hit)
You shoot an arrow.
The arrow hits the gnoll but does no damage.
The gnoll is lightly wounded.
The gnoll hits you from afar with a +0 spear!
* * * LOW HITPOINT WARNING * * *
Fire: 53 arrows
Press: ? - help, Q - select action, (/) - cycle Shift-Dir - straight line, f/p - gnoll
Aim: a gnoll, wielding a +0 spear (lightly wounded, 64% to hit)
You shoot an arrow. The arrow hits the gnoll.
The gnoll is moderately wounded.
The gnoll hits you but does no damage.
Okay, then.
Fire: 52 arrows
Press: ? - help, Q - select action, (/) - cycle Shift-Dir - straight line, f/p - gnoll
Aim: a gnoll, wielding a +0 spear (moderately wounded, 64% to hit)
You shoot an arrow. The arrow closely misses the gnoll.
You have got your breath back.
The gnoll barely misses you.
Okay, then.
a - a +2 dagger (weapon)
The gnoll barely misses you.
A red film seems to cover your vision as you go berserk!
You feel yourself moving faster!
You feel mighty!
The gnoll hits you from afar with a +0 spear.
* * * LOW HITPOINT WARNING * * *
You feel a strong urge to attack something.
The gnoll hits you with a +0 spear.
* * * LOW HITPOINT WARNING * * *
Items here: ( )) †.
You hit the gnoll.
The gnoll is moderately wounded.
The gnoll hits you with a +0 spear.
* * * LOW HITPOINT WARNING * * *
You closely miss the gnoll.
The gnoll is moderately wounded.
You puncture the gnoll!
The gnoll is almost dead.
The gnoll hits you with a +0 spear!
You die...

#########
#.....@.#
#.#####g#
#.# (#..
#####.# (g
≈≈..
#.....# ...
....#
#.#####....
....# #.#
#.≈≈≈ ≈≈≈.#
#.# #....
....# #.#


You could see a gnoll.

Vanquished Creatures
  5 gnolls (D:2)
  7 endoplasms
  5 goblins
  3 hobgoblins
  A quokka (D:1)
  2 ball pythons (D:1)
  5 bats
  3 kobolds (D:1)
  2 rats
33 creatures vanquished.

Notes
Turn   | Place    | Note
-------+----------+-------------------------------------------
     0 | D:1      | MajorAdolf the Naga Wanderer began the quest for the Orb.
     0 | D:1      | MajorAdolf set off with the following items: a +2 dagger, a
                  | potion of berserk rage, a +0 shortbow, 25 arrows, a potion
                  | of curing, a +0 robe
     0 | D:1      | Reached XP level 1. HP: 21/21 MP: 1/1
   326 | D:1      | Reached XP level 2. HP: 28/28 MP: 2/2
   998 | D:1      | Reached skill level 4 in Fighting
  1307 | D:1      | Reached XP level 3. HP: 36/36 MP: 3/3
  1590 | D:2      | Reached skill level 1 in Evocations
  1996 | D:2      | Reached XP level 4. HP: 44/44 MP: 4/4
  2112 | D:2      | Slain by a gnoll

Illustrated notes

Levels and vault maps discovered:
D:1:      dpeg_arrival_tiny_h, layout_basic, minmay_tetromino_o4
D:2:      layout_loops_ring, shapermc_ecumenical_altar_notcrosses,
          minmay_fractal_squares_gapless_5

Skill      XL: |  1  2  3 |
---------------+----------+-----
Fighting       | 4 |  4.1
Evocations     | 2 |  2.6
Maces & Flails | |  1.0
Bows           | |  1.7
Armour         | |  1.5
Stealth        | |  1.5
Shields        | |  1.0

Action                   |  1- 3 |  4- 6 || total
-------------------------+-------+-------++-------
Melee: Dagger            |     7 |     3 ||    10
 Fire: Shortbow          |    49 |    16 ||    65
 Abil: Spit Poison       |     8 |     2 ||    10
  Use: Potion            |       |     1 ||     1
Armor: Robe              |     4 |     1 ||     5
Dodge: Dodged            |    12 |     6 ||    18
